 Dungeon Crawl Stone Soup version 0.29.0-4-gdea44cf6ec (webtiles) character file.

Game seed: 4476498413160765778

11 qw the Firebug (level 2, -2/23 HPs)
             Began as a Ghoul Fire Elementalist on Aug 29, 2022.
             Slain by a quokka (3 damage)
             ... on level 1 of the Dungeon.
             The game lasted 00:00:27 (512 turns).

qw the Firebug (Ghoul Fire Elementalist)             Turns: 512, Time: 00:00:27

Health: -2/23      AC:  2    Str: 11    XL:     2   Next: 25%
Magic:  3/3        EV: 12    Int: 10    God:
Gold:   31         SH:  0    Dex:  9    Spells: 3/4 levels left

rFire   . . .      SeeInvis .     - Unarmed
rCold   + . .      Faith    .   (no shield)
rNeg    + + +      Spirit   .   a - +0 robe
rPois   inf        Reflect  .   (no helmet)
rElec   .          Harm     .   (no cloak)
rCorr   .          Rampage  .   (no gloves)
Will    .....                   (no boots)
Stlth   ++........              (no amulet)
HPRegen 0.00/turn               (no ring)
MPRegen 0.08/turn               (no ring)

@: inhibited regen
A: claws 1, cold resistance 1, negative energy resistance 3, inhibited
regeneration, torment resistance 2, devour on kill
a: no special abilities


You were on level 1 of the Dungeon.
You visited 1 branch of the dungeon, and saw 1 of its levels.

You collected 31 gold pieces.


Innate Abilities, Weirdness & Mutations

You are immune to poison.
You have sharp fingernails.
Your flesh is cold resistant. (rC+)
You are immune to negative energy. (rN+++)
You do not regenerate when monsters are visible.
You are immune to unholy pain and torment.
You thrive by killing the living.


   Skills:
 - Level 1.0 Fighting
 - Level 1.7 Dodging
 - Level 2.1 Stealth
 + Level 1.5 Unarmed Combat
 - Level 1.7 Spellcasting
 - Level 0.7 Conjurations
 - Level 2.4 Fire Magic


You had 3 spell levels left.
You knew the following spells:

 Your Spells              Type           Power      Damage    Failure   Level
a - Foxfire               Conj/Fire      16%        2x1d4     17%         1

Your spell library contained the following spells:

 Spells                   Type           Power      Damage    Failure   Level
 Scorch                   Fire           10%        2d5       19%         2
 Conjure Flame            Conj/Fire      4%         6-21      45%         3
 Inner Flame              Hex/Fire       3%         N/A       52%         3
 Flame Wave               Conj/Fire      4%         2d5       86%         4

Inventory:

Armour
 a - a +0 robe (worn)
 h - a +0 leather armour
Scrolls
 c - a scroll of magic mapping {unknown}
 d - a scroll of enchant armour {unknown}
 e - a scroll of teleportation {unknown}
 g - 2 scrolls of vulnerability {unknown}
Potions
 b - a potion of magic
 f - a potion of degeneration {unknown}

Dungeon Overview and Level Annotations

Branches:
Dungeon (1/15)

Altars:


Message History

You closely miss the quokka.
The quokka bites you but does no damage.
The dart slug misses you.
You barely miss the quokka. The quokka barely misses you.
You scratch the quokka. Your claw misses the quokka.
The quokka is severely wounded.
The quokka closely misses you.
The dart slug bites you but does no damage.
You barely miss the quokka.
The quokka is severely wounded.
The quokka completely misses you. The quokka closely misses you.
The dart slug launches a dart at you. The slug dart hits you.
You closely miss the quokka.
The quokka is heavily wounded.
The quokka barely misses you.
You scratch the quokka but do no damage.
The quokka is heavily wounded.
The dart slug barely misses you. The quokka barely misses you.
You scratch the quokka but do no damage.
The quokka is heavily wounded.
The quokka barely misses you. The dart slug barely misses you.
You scratch the quokka but do no damage.
The quokka is heavily wounded.
The quokka closely misses you.
You closely miss the quokka.
The quokka is heavily wounded.
The quokka closely misses you. The dart slug barely misses you.
A goblin comes into view. It is wielding a +0 club.
The quokka twitches its whiskers.
The quokka barely misses you.
You closely miss the quokka.
The quokka is heavily wounded.
The dart slug misses you. The quokka bites you.
You closely miss the quokka.
The quokka is heavily wounded.
The goblin shouts!
The quokka bites you.
You die...

############ #..........#
#..........# #..........#
###..........#
##............#
####..#..........#
##########@...##..........#
.........rw#####..........#
..#.......K...#####...)####
..$..g#######..........#
#####. ..###...).# # #.#
#.....# #.# #.....#
#.###.#.### #...#.#.####


You could see a dart slug, a quokka, a goblin and a kobold.

Vanquished Creatures
  A giant cockroach (D:1)
  A goblin (D:1)
  A hobgoblin (D:1)
  3 kobolds (D:1)
  3 ball pythons (D:1)
  A bat (D:1)
  A rat (D:1)
11 creatures vanquished.

Notes
Turn   | Place    | Note
-------+----------+-------------------------------------------
     0 | D:1      | qw the Ghoul Fire Elementalist began the quest for the Orb.
     0 | D:1      | Reached XP level 1. HP: 14/14 MP: 2/2
     0 | D:1      | 0 ||| qw: Version: 0.1-a-90-g952f4b7
     0 | D:1      | 0 ||| qw: Game counter: 4008
     0 | D:1      | 0 ||| qw: Always use a shield: true
     0 | D:1      | 0 ||| qw: God list: Okawaru
     0 | D:1      | 0 ||| qw: Allow faded altars: false
     0 | D:1      | 0 ||| qw: Do Orc after D:15 true
     0 | D:1      | 0 ||| qw: Do second Lair branch before Depths: true
     0 | D:1      | 0 ||| qw: Lair rune preference: random
     0 | D:1      | 0 ||| qw: Plans: Normal
     0 | D:1      | 0 ||| PLANNING D:1-11
    29 | D:1      | 29 ||| Stepping ~*~*~tactically~*~*~ (stealth).
    45 | D:1      | 45 ||| Stepping ~*~*~tactically~*~*~ (stealth).
    63 | D:1      | 63 ||| Stepping ~*~*~tactically~*~*~ (stealth).
    65 | D:1      | Reached skill level 1 in Unarmed Combat
    68 | D:1      | 68 ||| Stepping ~*~*~tactically~*~*~ (stealth).
    69 | D:1      | 69 ||| Stepping ~*~*~tactically~*~*~ (stealth).
    70 | D:1      | 70 ||| Stepping ~*~*~tactically~*~*~ (stealth).
    72 | D:1      | 72 ||| Stepping ~*~*~tactically~*~*~ (stealth).
   113 | D:1      | Reached skill level 1 in Fighting
   113 | D:1      | Reached XP level 2. HP: 11/23 MP: 3/3
   494 | D:1      | 494 ||| Stepping ~*~*~tactically~*~*~ (outnumbered).
   495 | D:1      | 495 ||| Stepping ~*~*~tactically~*~*~ (outnumbered).
   496 | D:1      | 496 ||| Stepping ~*~*~tactically~*~*~ (outnumbered).
   511 | D:1      | HP: 1/23 [quokka (5)]
   512 | D:1      | Slain by a quokka

Levels and vault maps discovered:
D:1:      reono_arrival_forest_river, layout_rooms

Skill      XL: |  1 |
---------------+----+-----
Unarmed Combat | 1 |  1.5
Fighting       | 1 |  1.0
Dodging        | |  1.7
Stealth        | |  2.1
Spellcasting   | |  1.7
Conjurations   | |  0.7
Fire Magic     | |  2.4

Action                   || total
-------------------------++-------
Melee: Unarmed           ||    50
 Stab: Distracted        ||     1
Armor: Robe              ||     7
Dodge: Dodged            ||    33

Table legend:
 A = Non-vault XP
 B = Vault XP
 C = Vault XP percentage of total XP
 D = Non-vault monster count
 E = Vault monster count
 F = Vault count percentage of total count
                 A         B        C        D         E       F
            +---------+---------+-------+---------+---------+-------
      Total |      16 |       0 |   0.0 |      11 |       0 |   0.0
            +---------+---------+-------+---------+---------+-------
        D:1 |      16 |       0 |   0.0 |      11 |       0 |   0.0
            +---------+---------+-------+---------+---------+-------
